[ AOE2 MATCH · #507238886 ]
UnrankedJapanese vs Spanish
Player's team · WIN
Rival team · LOSS
[ REPLAY ANALYSIS · EXTRACTED FROM THE RECORDED GAME ]
Feudal
9:37
Castle
25:31
Imperial
39:37
| APM avg | 56.3 |
| APM peak | 122 |
| eAPM avg | 25.5 |
| Villagers / military | 171 / 113 |
Focus
⚔️ 37.0% · 🌾 63.0%
Archer ×62 · Skirmisher ×32 · Militia ×10 · Spearman ×5 · Battering Ram ×4
Feudal
10:33
Castle
15:49
Imperial
—
| APM avg | 49.8 |
| APM peak | 89 |
| eAPM avg | 13.9 |
| Villagers / military | 59 / 16 |
Focus
⚔️ 9.9% · 🌾 90.1%
Conquistador ×14 · Knight ×1 · Missionary ×1
Match map
Initial resources + every placement click. Lines = walls · curves = elevation contours. ◆ gold · ⬟ stone · ● berries · ✦ relic · ◌ wall gap
Your base· ✓ Closed at 25:31 · 51t walls · no gate
南宁T5电竞's base· Open — unwalled flank
Smoothed initial terrain · ◌ = detected wall gap · hover for details
Inputs per minute
— KRaL - - 南宁T5电竞
Build order — KRaL
First 150 of 375 actions detected
| 0:01 | Queue | Villager (Male) |
| 0:01 | Queue | Villager (Male) |
| 0:01 | Queue | Villager (Male) |
| 0:02 | Queue | Villager (Male) |
| 0:02 | Queue | Villager (Male) |
| 0:04 | Build | House |
| 0:05 | Build | House |
| 1:29 | Queue | Villager (Male) |
| 1:29 | Queue | Villager (Male) |
| 1:48 | Build | Lumber Camp |
| 1:50 | Queue | Villager (Male) |
| 1:50 | Queue | Villager (Male) |
| 2:09 | Queue | Villager (Male) |
| 2:09 | Queue | Villager (Male) |
| 2:34 | Queue | Villager (Male) |
| 2:34 | Queue | Villager (Male) |
| 3:17 | Queue | Villager (Male) |
| 3:17 | Queue | Villager (Male) |
| 3:23 | Build | House |
| 3:48 | Queue | Villager (Male) |
| 3:48 | Queue | Villager (Male) |
| 4:06 | Queue | Villager (Male) |
| 4:06 | Queue | Villager (Male) |
| 4:07 | Queue | Villager (Male) |
| 4:07 | Queue | Villager (Male) |
| 4:42 | Queue | Villager (Male) |
| 4:42 | Queue | Villager (Male) |
| 4:43 | Queue | Villager (Male) |
| 5:07 | Build | Barracks |
| 5:13 | Queue | Villager (Male) |
| 5:14 | Queue | Villager (Male) |
| 5:14 | Queue | Villager (Male) |
| 5:20 | Research | Loom |
| 5:58 | Build | House |
| 6:33 | Build | Mining Camp |
| 6:38 | Build | House |
| 7:15 | Build | House |
| 7:27 | Research | Feudal Age |
| 7:56 | Queue | Militia ×2 |
| 7:56 | Queue | Militia ×2 |
| 7:56 | Queue | Militia ×2 |
| 8:25 | Queue | Militia |
| 8:26 | Queue | Militia |
| 8:44 | Build | Mill |
| 8:46 | Queue | Militia |
| 8:46 | Queue | Militia |
| 9:08 | Build | Mining Camp |
| 9:37 | Age | Feudal Age |
| 9:41 | Research | Man-at-Arms (upgrade) |
| 9:55 | Queue | Villager (Male) |
| 9:55 | Queue | Villager (Male) |
| 9:55 | Queue | Villager (Male) |
| 10:17 | Build | Watch Tower |
| 10:31 | Queue | Villager (Male) |
| 10:32 | Queue | Villager (Male) |
| 10:44 | Queue | Villager (Male) |
| 10:44 | Queue | Villager (Male) |
| 10:46 | Queue | Villager (Male) |
| 10:46 | Queue | Villager (Male) |
| 10:51 | Research | Arson |
| 10:51 | Queue | Villager (Male) |
| 10:55 | Queue | Villager (Male) |
| 10:55 | Queue | Villager (Male) |
| 10:55 | Queue | Villager (Male) |
| 11:00 | Build | Archery Range |
| 11:10 | Build | Palisade Wall |
| 11:11 | Build | Palisade Wall |
| 11:12 | Build | Palisade Wall |
| 11:13 | Build | Palisade Wall |
| 11:13 | Build | Palisade Wall |
| 11:13 | Build | Palisade Wall |
| 11:14 | Build | Palisade Wall |
| 11:14 | Build | Palisade Wall |
| 11:14 | Build | Palisade Wall |
| 11:27 | Queue | Villager (Male) |
| 11:27 | Queue | Villager (Male) |
| 11:39 | Queue | Villager (Male) |
| 11:39 | Queue | Villager (Male) |
| 11:57 | Build | Palisade Wall |
| 12:10 | Queue | Villager (Male) |
| 12:15 | Queue | Archer ×2 |
| 12:15 | Queue | Archer ×2 |
| 12:33 | Build | Farm |
| 12:35 | Build | Farm |
| 12:48 | Build | Watch Tower |
| 12:49 | Queue | Villager (Male) |
| 12:49 | Queue | Villager (Male) |
| 12:51 | Build | Farm |
| 13:06 | Queue | Villager (Male) |
| 13:06 | Queue | Villager (Male) |
| 13:17 | Build | Farm |
| 13:29 | Queue | Villager (Male) |
| 13:29 | Queue | Villager (Male) |
| 13:51 | Queue | Villager (Male) |
| 13:51 | Queue | Villager (Male) |
| 13:51 | Queue | Villager (Male) |
| 14:00 | Build | Farm |
| 14:07 | Build | Farm |
| 14:10 | Queue | Villager (Male) |
| 14:19 | Queue | Villager (Male) |
| 14:19 | Queue | Villager (Male) |
| 14:32 | Build | Watch Tower |
| 14:32 | Queue | Villager (Male) |
| 14:32 | Queue | Villager (Male) |
| 14:33 | Queue | Villager (Male) |
| 14:41 | Queue | Villager (Male) |
| 14:42 | Queue | Villager (Male) |
| 14:42 | Queue | Villager (Male) |
| 14:42 | Queue | Villager (Male) |
| 14:46 | Queue | Archer |
| 14:46 | Queue | Archer |
| 14:48 | Queue | Villager (Male) |
| 14:58 | Build | House |
| 15:02 | Build | Palisade Wall |
| 15:07 | Queue | Villager (Male) |
| 15:15 | Research | Double-Bit Axe |
| 15:16 | Queue | Villager (Male) |
| 15:16 | Queue | Villager (Male) |
| 15:16 | Queue | Villager (Male) |
| 15:32 | Build | House |
| 15:39 | Queue | Villager (Male) |
| 15:39 | Queue | Villager (Male) |
| 15:40 | Queue | Villager (Male) |
| 15:43 | Build | Palisade Wall |
| 15:44 | Queue | Villager (Male) |
| 15:44 | Queue | Villager (Male) |
| 15:48 | Build | House |
| 15:51 | Build | Palisade Wall |
| 16:00 | Build | Palisade Wall |
| 16:02 | Build | Palisade Wall |
| 16:11 | Build | Watch Tower |
| 16:12 | Queue | Villager (Male) |
| 16:12 | Queue | Villager (Male) |
| 16:21 | Queue | Archer ×2 |
| 16:21 | Queue | Archer ×2 |
| 16:22 | Queue | Villager (Male) |
| 16:22 | Queue | Villager (Male) |
| 16:39 | Build | Farm |
| 16:46 | Queue | Villager (Male) |
| 16:51 | Queue | Spearman |
| 16:52 | Queue | Villager (Male) |
| 16:52 | Queue | Villager (Male) |
| 16:54 | Build | Farm |
| 17:14 | Queue | Villager (Male) |
| 17:15 | Queue | Villager (Male) |
| 17:19 | Build | Lumber Camp |
| 17:21 | Build | Farm |
| 17:35 | Build | House |
| 17:35 | Queue | Villager (Male) |
| 17:36 | Queue | Villager (Male) |
Build order — 南宁T5电竞
129 actions detected in the replay
| 0:01 | Queue | Villager (Male) |
| 0:01 | Queue | Villager (Male) |
| 0:02 | Build | House |
| 0:04 | Build | House |
| 0:05 | Build | House |
| 0:20 | Build | House |
| 0:56 | Queue | Villager (Male) |
| 0:56 | Queue | Villager (Male) |
| 0:57 | Queue | Villager (Male) |
| 1:36 | Queue | Villager (Male) |
| 1:36 | Queue | Villager (Male) |
| 2:07 | Queue | Villager (Male) |
| 2:07 | Queue | Villager (Male) |
| 2:57 | Queue | Villager (Male) |
| 2:58 | Queue | Villager (Male) |
| 2:58 | Queue | Villager (Male) |
| 3:03 | Build | Lumber Camp |
| 3:06 | Queue | Villager (Male) |
| 3:06 | Queue | Villager (Male) |
| 4:09 | Queue | Villager (Male) |
| 4:10 | Queue | Villager (Male) |
| 4:10 | Queue | Villager (Male) |
| 4:10 | Queue | Villager (Male) |
| 4:11 | Queue | Villager (Male) |
| 4:46 | Queue | Villager (Male) |
| 4:46 | Queue | Villager (Male) |
| 5:11 | Build | Mill |
| 6:10 | Queue | Villager (Male) |
| 6:22 | Queue | Villager (Male) |
| 6:22 | Queue | Villager (Male) |
| 6:22 | Queue | Villager (Male) |
| 6:23 | Queue | Villager (Male) |
| 6:23 | Queue | Villager (Male) |
| 7:37 | Research | Loom |
| 7:43 | Build | Mining Camp |
| 8:08 | Research | Feudal Age |
| 8:46 | Build | Barracks |
| 9:05 | Build | House |
| 9:57 | Queue | Villager (Male) |
| 10:33 | Age | Feudal Age |
| 10:35 | Queue | Villager (Male) |
| 10:36 | Queue | Villager (Male) |
| 10:51 | Build | Stable |
| 11:10 | Build | Mining Camp |
| 12:45 | Build | Blacksmith |
| 13:09 | Research | Castle Age |
| 15:14 | Queue | Villager (Male) |
| 15:15 | Queue | Villager (Male) |
| 15:49 | Age | Castle Age |
| 16:04 | Queue | Knight |
| 16:14 | Queue | Villager (Male) |
| 16:14 | Queue | Villager (Male) |
| 16:20 | Build | Mining Camp |
| 16:28 | Build | Farm |
| 17:05 | Build | Farm |
| 18:06 | Build | Farm |
| 19:24 | Build | Castle |
| 19:40 | Build | Lumber Camp |
| 20:19 | Queue | Conquistador |
| 21:02 | Queue | Villager (Male) |
| 21:19 | Build | Farm |
| 21:40 | Build | Farm |
| 22:01 | Queue | Villager (Male) |
| 22:53 | Build | Farm |
| 22:55 | Queue | Conquistador |
| 24:01 | Build | Town Center |
| 24:06 | Queue | Conquistador |
| 24:38 | Build | Farm |
| 24:42 | Queue | Conquistador |
| 25:51 | Queue | Villager (Male) |
| 25:55 | Build | Farm |
| 26:15 | Queue | Conquistador |
| 26:18 | Build | Farm |
| 26:23 | Build | Monastery |
| 26:43 | Queue | Conquistador |
| 26:59 | Build | Farm |
| 27:10 | Queue | Villager (Male) |
| 27:16 | Queue | Missionary |
| 27:42 | Build | Farm |
| 27:44 | Queue | Villager (Male) |
| 27:55 | Queue | Conquistador |
| 28:13 | Build | Farm |
| 28:17 | Queue | Villager (Male) |
| 28:54 | Build | Mining Camp |
| 29:00 | Queue | Villager (Male) |
| 29:02 | Queue | Villager (Male) |
| 29:05 | Build | Farm |
| 29:53 | Queue | Conquistador |
| 29:58 | Research | Padded Archer Armor |
| 30:06 | Build | Farm |
| 30:13 | Queue | Villager (Male) |
| 30:47 | Build | Farm |
| 31:23 | Research | Leather Archer Armor |
| 31:41 | Queue | Conquistador |
| 32:06 | Queue | Villager (Male) |
| 32:26 | Queue | Conquistador |
| 32:52 | Queue | Conquistador |
| 33:08 | Build | Castle |
| 34:23 | Queue | Villager (Male) |
| 34:23 | Queue | Villager (Male) |
| 34:24 | Queue | Villager (Male) |
| 35:06 | Queue | Villager (Male) |
| 35:29 | Build | Town Center |
| 35:44 | Research | Bloodlines |
| 35:46 | Queue | Villager (Male) |
| 35:47 | Queue | Villager (Male) |
| 36:25 | Queue | Conquistador |
| 36:35 | Queue | Villager (Male) |
| 36:43 | Build | Farm |
| 36:49 | Build | Farm |
| 36:49 | Build | Farm |
| 36:50 | Build | Farm |
| 36:50 | Build | Farm |
| 36:50 | Build | Farm |
| 36:51 | Build | Farm |
| 36:54 | Queue | Villager (Male) |
| 37:03 | Build | Farm |
| 37:42 | Research | Town Watch |
| 37:58 | Queue | Villager (Male) |
| 37:59 | Queue | Villager (Male) |
| 38:10 | Queue | Conquistador |
| 38:27 | Queue | Villager (Male) |
| 38:50 | Queue | Conquistador |
| 38:58 | Queue | Villager (Male) |
| 39:02 | Queue | Villager (Male) |
| 39:23 | Queue | Villager (Male) |
| 39:30 | Build | Farm |
| 39:31 | Queue | Villager (Male) |
| 39:42 | Build | Farm |
Match timeline
| 5:07 | KRaL · first_building Barracks |
| 8:46 | 南宁T5电竞 · first_building Barracks |
| 9:37 | KRaL · age_up feudal |
| 10:33 | 南宁T5电竞 · age_up feudal |
| 10:51 | 南宁T5电竞 · first_building Stable |
| 11:00 | KRaL · first_building Archery Range |
| 11:10 | KRaL · wall_segment Palisade Wall x1 |
| 11:11 | KRaL · wall_segment Palisade Wall x1 |
| 11:12 | KRaL · wall_segment Palisade Wall x1 |
| 11:13 | KRaL · wall_segment Palisade Wall x1 |
| 11:13 | KRaL · wall_segment Palisade Wall x1 |
| 11:13 | KRaL · wall_segment Palisade Wall x2 |
| 11:14 | KRaL · wall_segment Palisade Wall x1 |
| 11:14 | KRaL · wall_segment Palisade Wall x1 |
| 11:14 | KRaL · wall_segment Palisade Wall x1 |
| 11:57 | KRaL · wall_segment Palisade Wall x14 |
| 15:02 | KRaL · wall_segment Palisade Wall x1 |
| 15:43 | KRaL · wall_segment Palisade Wall x11 |
| 15:49 | 南宁T5电竞 · age_up castle |
| 15:51 | KRaL · wall_segment Palisade Wall x1 |
| 16:00 | KRaL · wall_segment Palisade Wall x7 |
| 16:02 | KRaL · wall_segment Palisade Wall x5 |
| 17:58 | KRaL · wall_segment Palisade Wall x1 |
| 19:24 | 南宁T5电竞 · first_building Castle |
| 19:43 | KRaL · wall_segment Palisade Wall x3 |
| 19:44 | KRaL · wall_segment Palisade Wall x1 |
| 25:31 | KRaL · age_up castle |
| 26:23 | 南宁T5电竞 · first_building Monastery |
| 34:07 | KRaL · first_building Castle |
| 35:39 | KRaL · first_building Siege Workshop |
| 37:28 | KRaL · first_market_buy 100 wood |
| 39:03 | KRaL · first_building Stable |
| 39:37 | KRaL · age_up imperial |
| 39:48 | 南宁T5电竞 · resign |
[ AI ANALYSIS · 1 CREDIT ]
What really happened in this match?
Wolo.gg analyzes every decision: build order, eco, micro, common mistakes by bracket. Personalized analysis on WhatsApp or Discord in 30 seconds.
Civ guide
Japanese
Perfil
Jugador #23477829